ITL
WABA DUCKS @ PORTLAND PRIVATEERS
08/06/2029
 
TOP OF THE 1ST
Waba Ducks batting - Pitching for Portland Privateers : RHP José García
Pitching: RHP José García
Batting: RHB Tomás Díaz 0-0: Swinging Strike
0-1: Ball
1-1: SINGLE (Line Drive, 56)
Batting: LHB Javier Orozco 0-0: Ball
1-0: Ball
2-0: Swinging Strike
2-1: SINGLE (Groundball, 6MD)
Tomás Díaz to second
Runner from 2nd tries for 3rd, SAFE, no throw
Batting: RHB Lawrence Yates 0-0: Ball
1-0: Ball
2-0: Ball
3-0: Base on Balls
Javier Orozco to second
Batting: LHB Daniel Carter 0-0: Ball
1-0: Called Strike
1-1: Foul Ball, location: 2F
1-2: Foul Ball, location: 2F
1-2: Strikes out swinging
Batting: RHB Ángelo García 0-0: Grounds into double play, 6-4-3 (Groundball, 6M)
Top of the 1st over - 0 runs, 2 hits, 0 errors, 2 left on base; Waba 0 - Portland 0
BOTTOM OF THE 1ST
Portland Privateers batting - Pitching for Waba Ducks : RHP Miguel Guerrero
Pitching: RHP Miguel Guerrero
Batting: SHB José Espinoza 0-0: Ball
1-0: Fly out, F8 (Flyball, 8LS)
Batting: RHB Dick Slagboom 0-0: Ball
1-0: Foul Ball, location: 2F
1-1: Foul Ball, location: 2F
1-2: Fly out, F4 (Line Drive, 4M)
Batting: RHB Joe Bailey 0-0: Ball
1-0: Ball
2-0: Called Strike
2-1: Ball
3-1: Base on Balls
Batting: RHB Carlos Castro 0-0: Ball
Joe Bailey steals 2nd base
1-0: Ball
2-0: Called Strike
2-1: Swinging Strike
2-2: Foul Ball, location: 2F
2-2: Reached on error, E3 (Groundball, 34)
Joe Bailey scores
Batting: LHB Dillon Beck 0-0: Fly out, F9 (Flyball, 9S)
Bottom of the 1st over - 1 run, 0 hits, 1 error, 1 left on base; Waba 0 - Portland 1
TOP OF THE 2ND
Waba Ducks batting - Pitching for Portland Privateers : RHP José García
Batting: LHB Fernando Cruz 0-0: Ground out 6-3 (Groundball, 6M)
Batting: LHB José Rodríguez 0-0: Foul Ball, location: 2F
0-1: DOUBLE (Line Drive, 9D)
Batting: RHB Félix Quintero 0-0: Foul Ball, location: 2F
0-1: Ball
1-1: Ball
2-1: Ground out 1-3 (Groundball, P)
José Rodríguez to third
Batting: SHB Alex Aguilar 0-0: Ball
1-0: Called Strike
1-1: Ball
2-1: Swinging Strike
2-2: SINGLE (Groundball, 34D)
José Rodríguez scores
Batting: RHB Tomás Díaz 0-0: Called Strike
0-1: Ball
1-1: Fly out, F8 (Line Drive, 8LM)
Top of the 2nd over - 1 run, 2 hits, 0 errors, 1 left on base; Waba 1 - Portland 1
BOTTOM OF THE 2ND
Portland Privateers batting - Pitching for Waba Ducks : RHP Miguel Guerrero
Batting: LHB Arturo López 0-0: Ball
1-0: Foul Ball, location: 2F
1-1: Ball
2-1: Ball
3-1: Base on Balls
Batting: SHB Patrick Larson 0-0: Ball
1-0: Foul Ball, location: 2F
1-1: Fly out, F8 (Flyball, 8RS)
Batting: RHB Ramiro Gámez 0-0: Swinging Strike
0-1: Foul Ball, location: 2F
0-2: Ball
1-2: Ball
2-2: Strikes out looking
Batting: RHB Luis Pineda 0-0: Ball
1-0: Ball
2-0: Called Strike
2-1: Ground out 4-3 (Groundball, 4)
Bottom of the 2nd over - 0 runs, 0 hits, 0 errors, 1 left on base; Waba 1 - Portland 1
TOP OF THE 3RD
Waba Ducks batting - Pitching for Portland Privateers : RHP José García
Batting: LHB Javier Orozco 0-0: Ball
1-0: Ball
2-0: Reached on error, E1 (Groundball, 15S)
Batting: RHB Lawrence Yates 0-0: Ball
1-0: Ball
2-0: SINGLE (Groundball, 6D)
Javier Orozco to third
Runner from 3rd tries for Home, SAFE, no throw
Batting: LHB Daniel Carter 0-0: Swinging Strike
0-1: Fly out, F8 (Flyball, 8LS)
Batting: RHB Ángelo García 0-0: Ball
1-0: Ground out 3-1 (Groundball, 34S)
Lawrence Yates to second
Batting: LHB Fernando Cruz 0-0: DOUBLE (Line Drive, 9LM)
Lawrence Yates scores
Batting: LHB José Rodríguez 0-0: Called Strike
0-1: Called Strike
0-2: Foul Ball, location: 2F
0-2: Ball
1-2: Ball
2-2: Foul Ball, location: 2F
2-2: SINGLE (Groundball, 34D)
Fernando Cruz to third
Runner from 3rd tries for Home, SAFE, no throw
Pitching: RHP Carlos Molina
Batting: RHB Félix Quintero 0-0: Ball
1-0: SINGLE (Flyball, 9LM)
José Rodríguez to second
Runner from 2nd tries for 3rd, SAFE, no throw
Batting: SHB Alex Aguilar 0-0: Ball
1-0: Ball
2-0: Ball
3-0: Called Strike
3-1: Fly out, F9 (Flyball, 9LSF)
Top of the 3rd over - 3 runs, 4 hits, 1 error, 2 left on base; Waba 4 - Portland 1
BOTTOM OF THE 3RD
Portland Privateers batting - Pitching for Waba Ducks : RHP Miguel Guerrero
Batting: SHB José Espinoza 0-0: Ball
1-0: Foul Ball, location: 2F
1-1: Ball
2-1: SINGLE (Line Drive, 9S)
Batting: RHB Dick Slagboom 0-0: Ball
1-0: Called Strike
1-1: Foul Ball, location: 2F
1-2: Ball
2-2: Foul Ball, location: 2F
2-2: Ball
3-2: SINGLE (Groundball, 4MD)
José Espinoza to second
Batting: RHB Joe Bailey 0-0: Ball
1-0: Called Strike
1-1: Foul Ball, location: 2F
1-2: Strikes out swinging
Batting: RHB Carlos Castro 0-0: Foul Ball, location: 2F
0-1: Swinging Strike
0-2: Ball
Wild Pitch!
José Espinoza to third
Dick Slagboom to second
1-2: Strikes out swinging
Batting: LHB Dillon Beck 0-0: Ball
1-0: Called Strike
1-1: Called Strike
1-2: Ball
2-2: Foul Ball, location: 2F
2-2: Foul Ball, location: 2F
2-2: Foul Ball, location: 2F
2-2: Ground out 6-3 (Groundball, 6M)
Bottom of the 3rd over - 0 runs, 2 hits, 0 errors, 2 left on base; Waba 4 - Portland 1
TOP OF THE 4TH
Waba Ducks batting - Pitching for Portland Privateers : RHP Carlos Molina
Batting: RHB Tomás Díaz 0-0: Called Strike
0-1: Fly out, F9 (Flyball, 9S)
Batting: LHB Javier Orozco 0-0: Called Strike
0-1: Ball
1-1: SOLO HOME RUN (Flyball, 9D), Distance : 386 ft
Batting: RHB Lawrence Yates 0-0: Ball
1-0: Foul Ball, location: 2F
1-1: Fly out, F9 (Flyball, 9S)
Batting: LHB Daniel Carter 0-0: Foul Ball, location: 2F
0-1: Swinging Strike
0-2: Foul Ball, location: 2F
0-2: Strikes out swinging
Top of the 4th over - 1 run, 1 hit, 0 errors, 0 left on base; Waba 5 - Portland 1
BOTTOM OF THE 4TH
Portland Privateers batting - Pitching for Waba Ducks : RHP Miguel Guerrero
Batting: LHB Arturo López 0-0: Fly out, F5 (Popup, 5S)
Batting: SHB Patrick Larson 0-0: Ball
1-0: Foul Ball, location: 2F
1-1: Called Strike
1-2: Strikes out swinging
Batting: RHB Ramiro Gámez 0-0: Called Strike
0-1: Fly out, F7 (Flyball, 7S)
Bottom of the 4th over - 0 runs, 0 hits, 0 errors, 0 left on base; Waba 5 - Portland 1
TOP OF THE 5TH
Waba Ducks batting - Pitching for Portland Privateers : RHP Carlos Molina
Batting: RHB Ángelo García 0-0: TRIPLE (Line Drive, 8RXD)
Batting: LHB Fernando Cruz 0-0: Called Strike
0-1: Ground out 4-3 (Groundball, 4M)
Ángelo García scores
Batting: LHB José Rodríguez 0-0: Ball
1-0: Swinging Strike
1-1: SOLO HOME RUN (Flyball, 9D), Distance : 380 ft
Batting: RHB Félix Quintero 0-0: Called Strike
0-1: Ball
1-1: Foul Ball, location: 2F
1-2: Fly out, F9 (Flyball, 89D)
Batting: SHB Alex Aguilar 0-0: Ground out 4-3 (Groundball, 4S)
Top of the 5th over - 2 runs, 2 hits, 0 errors, 0 left on base; Waba 7 - Portland 1
BOTTOM OF THE 5TH
Portland Privateers batting - Pitching for Waba Ducks : RHP Miguel Guerrero
Batting: RHB Luis Pineda 0-0: Ball
1-0: Ball
2-0: Foul Ball, location: 2F
2-1: DOUBLE (Flyball, 7LD)
Batting: SHB José Espinoza 0-0: Ball
1-0: Ground out U3 (Groundball, 34)
Luis Pineda to third
Batting: RHB Dick Slagboom 0-0: Ball
1-0: Foul Ball, location: 2F
1-1: Ball
2-1: Ball
3-1: Swinging Strike
3-2: Base on Balls
Batting: RHB Joe Bailey 0-0: Called Strike
0-1: Fly out, F7 (Flyball, 78S)
Runner from 3rd tags up, SCORES, no throw
Batting: RHB Carlos Castro 0-0: Ball
1-0: Fielders Choice at 2nd, 6-4 (Groundball, 6)
Bottom of the 5th over - 1 run, 1 hit, 0 errors, 1 left on base; Waba 7 - Portland 2
TOP OF THE 6TH
Waba Ducks batting - Pitching for Portland Privateers : RHP Carlos Molina
Batting: RHB Tomás Díaz 0-0: Called Strike
0-1: Foul Ball, location: 2F
0-2: Fly out, F9 (Flyball, 89M)
Batting: LHB Javier Orozco 0-0: Ball
1-0: Swinging Strike
1-1: Ball
2-1: Ground out 5-3 (Groundball, 5S)
Pitching: RHP Blaine Yarbrough
Batting: RHB Lawrence Yates 0-0: Ball
1-0: Called Strike
1-1: Ball
2-1: Ball
3-1: SINGLE (Line Drive, 89S)
Batting: LHB Daniel Carter 0-0: Ball
1-0: Called Strike
1-1: Ball
2-1: Ball
3-1: Fly out, F8 (Flyball, 8RM)
Top of the 6th over - 0 runs, 1 hit, 0 errors, 1 left on base; Waba 7 - Portland 2
BOTTOM OF THE 6TH
Portland Privateers batting - Pitching for Waba Ducks : RHP Miguel Guerrero
Pitching: RHP Anthony Rigsby
Batting: LHB Dillon Beck 0-0: DOUBLE (Flyball, 89D)
Batting: LHB Arturo López 0-0: Ball
1-0: Called Strike
1-1: Called Strike
1-2: Foul Ball, location: 2F
1-2: SINGLE (Groundball, 4MD)
Dillon Beck to third
Runner from 3rd tries for Home, SAFE, throw made home
Batting: SHB Patrick Larson 0-0: Called Strike
0-1: Ball
1-1: Fielders Choice at 2nd, 6-4 (Groundball, 6M)
Batting: RHB Ramiro Gámez 0-0: Ball
1-0: Called Strike
1-1: Swinging Strike
1-2: Ball
2-2: Ball
3-2: Base on Balls
Patrick Larson to second
Batting: RHB Luis Pineda 0-0: Called Strike
0-1: 3-RUN HOME RUN (Flyball, 9D), Distance : 386 ft
Pitching: RHP Bartolo Romo
Batting: SHB José Espinoza 0-0: Called Strike
0-1: Swinging Strike
0-2: SINGLE (Flyball, 89S)
Batting: RHB Dick Slagboom 0-0: Ball
1-0: Fly out, F5 (Popup, 15S)
Batting: RHB Joe Bailey 0-0: Ball
1-0: Ball
José Espinoza is caught stealing 2nd base
Bottom of the 6th over - 4 runs, 4 hits, 0 errors, 0 left on base; Waba 7 - Portland 6
TOP OF THE 7TH
Waba Ducks batting - Pitching for Portland Privateers : RHP Blaine Yarbrough
Now in LF: Jacob Knapp
Batting: RHB Ángelo García 0-0: Swinging Strike
0-1: Ground out 4-3 (Groundball, 4)
Batting: LHB Fernando Cruz 0-0: Ground out 4-3 (Groundball, 4MD)
Batting: LHB José Rodríguez 0-0: Ball
1-0: Fly out, F8 (Flyball, 8RD)
Top of the 7th over - 0 runs, 0 hits, 0 errors, 0 left on base; Waba 7 - Portland 6
BOTTOM OF THE 7TH
Portland Privateers batting - Pitching for Waba Ducks : RHP Bartolo Romo
Batting: RHB Joe Bailey 0-0: Ball
1-0: Ground out 6-3 (Groundball, 6MS)
Batting: RHB Carlos Castro 0-0: Called Strike
0-1: Ball
1-1: Ball
2-1: Ground out 4-3 (Groundball, 34)
Batting: SHB Jacob Knapp 0-0: Ball
1-0: Ball
2-0: SINGLE (Groundball, 56D)
Batting: LHB Arturo López 0-0: Ground out 4-3 (Groundball, 4)
Bottom of the 7th over - 0 runs, 1 hit, 0 errors, 1 left on base; Waba 7 - Portland 6
TOP OF THE 8TH
Waba Ducks batting - Pitching for Portland Privateers : RHP Blaine Yarbrough
Batting: RHB Félix Quintero 0-0: Foul Ball, location: 2F
0-1: Called Strike
0-2: Strikes out looking
Batting: SHB Alex Aguilar 0-0: Ball
1-0: Ball
2-0: Called Strike
2-1: Ball
3-1: Fly out, F6 (Line Drive, 6)
Batting: RHB Tomás Díaz 0-0: Ball
1-0: Called Strike
1-1: Called Strike
1-2: Foul Ball, location: 2F
1-2: Foul Ball, location: 2F
1-2: Ball
2-2: Ball
3-2: Foul Ball, location: 2F
3-2: Ground out 6-3 (Groundball, 6)
Top of the 8th over - 0 runs, 0 hits, 0 errors, 0 left on base; Waba 7 - Portland 6
BOTTOM OF THE 8TH
Portland Privateers batting - Pitching for Waba Ducks : RHP Bartolo Romo
Batting: SHB Patrick Larson 0-0: Ball
1-0: Ball
2-0: Called Strike
2-1: Foul Ball, location: 2F
2-2: Ground out 6-3 (Groundball, 56)
Batting: RHB Ramiro Gámez 0-0: Fly out, F7 (Flyball, 7D)
Batting: RHB Luis Pineda 0-0: Ball
1-0: Ball
2-0: Called Strike
2-1: Called Strike
2-2: Fly out, F3 (Popup, 3S)
Bottom of the 8th over - 0 runs, 0 hits, 0 errors, 0 left on base; Waba 7 - Portland 6
TOP OF THE 9TH
Waba Ducks batting - Pitching for Portland Privateers : RHP Blaine Yarbrough
Batting: LHB Javier Orozco 0-0: Ball
1-0: SINGLE (Groundball, 23) (infield hit)
Batting: RHB Lawrence Yates 0-0: Ground out 6-3 (Groundball, 6MS)
Javier Orozco to second
Batting: LHB Daniel Carter 0-0: Swinging Strike
0-1: Called Strike
0-2: Ball
1-2: Foul Ball, location: 2F
1-2: Ball
2-2: Ball
3-2: Ground out 4-3 (Groundball, 4M)
Javier Orozco to third
Batting: RHB Ángelo García 0-0: Foul Ball, location: 2F
0-1: Ground out 5-3 (Groundball, 56)
Top of the 9th over - 0 runs, 1 hit, 0 errors, 1 left on base; Waba 7 - Portland 6
BOTTOM OF THE 9TH
Portland Privateers batting - Pitching for Waba Ducks : RHP Bartolo Romo
Pitching: RHP Dave Rhodes
Now at 2B: Shaun Puckett
Batting: SHB José Espinoza 0-0: Called Strike
0-1: Foul Ball, location: 2F
0-2: Ball
1-2: SINGLE (Groundball, 4MS) (infield hit)
Batting: RHB Dick Slagboom 0-0: Swinging Strike
0-1: Ball
1-1: Foul Ball, location: 2F
1-2: Ball
2-2: Strikes out swinging
Batting: RHB Joe Bailey 0-0: Called Strike
0-1: Called Strike
0-2: Ball
1-2: Strikes out swinging
Batting: RHB Carlos Castro 0-0: Ball
1-0: Ball
2-0: Swinging Strike
2-1: Called Strike
2-2: Strikes out swinging
Bottom of the 9th over - 0 runs, 1 hit, 0 errors, 1 left on base; Waba 7 - Portland 6
Saturday, December 16th, 2017 - OOTP Baseball 18.8 Build 76